 Dungeon Crawl Stone Soup version 0.27.0-1-g7a089689b8 (webtiles) character file.

Game seed: 2460958496919803147

20272 robertstho the Thaumaturge (level 13, -8/82 HPs)
             Began as a Djinni Fire Elementalist on Aug 3, 2021.
             Was an Initiate of Gozag.
             Mangled by a death yak (13 damage)
             ... in a Gauntlet.
             The game lasted 00:29:46 (20137 turns).

robertstho the Thaumaturge (DjFE)                  Turns: 20137, Time: 00:29:47

Health: -8/82      AC:  7    Str:  7    XL:     13   Next: 11%
Gold:   1184       EV: 20    Int: 19    God:    Gozag SH:  9 Dex: 14

rFire    + + .     SeeInvis +   l - +8 broad axe of Classification {flame, *Slow rElec rN+}
rCold    + . .     Faith    .   y - +2 kite shield {rC+}
rNeg     + . .     Spirit   .   j - +1 robe "Biaqimno" {rC+ Int-3 SInv}
rPois    ∞         Reflect  .   (no helmet)
rElec    +         Harm     .   u - +0 cloak
rCorr    .         Rampage  .   F - +2 pair of gloves
Will     +....     NoTele   +   (boots unavailable)
Stlth    +++.......             (no amulet)
HPRegen  0.23/turn              p - +4 ring of evasion
MPRegen  0.00/turn              n - +4 ring of evasion

@: gold aura, flying
A: sickness immunity, fire resistance 2, cold vulnerability 1, float, innate
caster, hp casting, extra vitality 1
a: Renounce Religion, Potion Petition, Call Merchant, Bribe Branch


You were in a Gauntlet.
You worshipped Gozag.
Gozag was most pleased with you.
You visited 3 branches of the dungeon, and saw 14 of its levels.
You also visited: Bailey and Gauntlet.

You collected 2292 gold pieces.
You spent 366 gold pieces at shops.
You paid 742 gold pieces to Gozag.

Inventory:

Hand Weapons
 l - the +8 broad axe of Classification (weapon) {flame, *Slow rElec rN+}
   (You acquired it in a bailey)

   It burns those it strikes, dealing additional fire damage.
   Big, fiery blades are also staple armaments of hydra-hunters.
   rElec:     It insulates you from electricity.
   rN:        It protects you from negative energy.
   *Slow:     It may slow you when you take damage.
Armour
 j - the +1 robe "Biaqimno" (worn) {rC+ Int-3 SInv}
   (You found it on level 4 of the Dungeon)

   Int:       It affects your intelligence (-3).
   rC:        It protects you from cold.
   SInv:      It lets you see invisible.
 u - a +0 cloak (worn)
 y - a +2 kite shield of cold resistance (worn)
 F - a +2 pair of gloves (worn)
Jewellery
 n - a +4 ring of evasion (right hand)
 p - a +4 ring of evasion (left hand)
 C - a ring of ice
 D - a ring of protection from cold
 E - a +4 ring of slaying
 H - the ring "Jyguton" {Wiz rF+ Str+2}
   (You found it in a Gauntlet)

   [ring of wizardry]

   It improves your spell success rate.
   Str:       It affects your strength (+2).
   rF:        It protects you from fire.
Wands
 f - a wand of polymorph (10)
 i - a wand of iceblast (28)
 o - a wand of flame (43)
 s - a wand of digging (4)
 t - a wand of acid (25)
 v - a wand of paralysis (15)
Scrolls
 a - 3 scrolls of enchant weapon
 b - a scroll of blinking
 c - 4 scrolls of fear
 d - 2 scrolls of identify
 e - a scroll of enchant armour
 g - 4 scrolls of fog
 q - a scroll of vulnerability
 r - a scroll of brand weapon
 B - 2 scrolls of magic mapping
 G - a scroll of torment {unknown}
Potions
 h - 2 potions of lignification
 k - 4 potions of curing
 m - 2 potions of heal wounds
 w - 5 potions of cancellation
 x - 3 potions of haste
 z - 3 potions of might
 A - a potion of brilliance


   Skills:
 + Level 3.4 Fighting
 + Level 1.0 Axes
 + Level 6.5 Dodging
 + Level 4.8 Stealth
 + Level 1.9 Shields
 + Level 3.6 Unarmed Combat
 + Level 13.9 Spellcasting
 + Level 1.5 Evocations


You had 4 spell levels left.
You knew the following spells:

 Your Spells              Type           Power      Damage    Failure   Level
a - Foxfire               Conj/Fire      100%       2x1d9     1%          1
b - Conjure Flame         Conj/Fire      60%        6-21      1%          3
c - Inner Flame           Hex/Fire       60%        N/A       1%          3
d - Sticky Flame          Conj/Fire      60%        2d8       1%          4
e - Fireball              Conj/Fire      30%        3d13      2%          5
f - Beastly Appendage     Tmut           100%       N/A       1%          1
g - Searing Ray           Conj           100%       3d7       1%          2
h - Vampiric Draining     Necr           30%        2d10      1%          3
i - Animate Dead          Necr           30%        N/A       1%          4
j - Ice Form              Ice/Tmut       60%        N/A       1%          4
k - Bolt of Magma         Conj/Fire/Erth 30%        4d14      2%          5
Your spell library was empty.

Dungeon Overview and Level Annotations

Branches:
Dungeon (11/15)            Temple (1/1) D:5            Lair (2/6) D:10
 Spider (0/4) Lair:2       Bailey (visited)         Gauntlet (1/1)
  Swamp: Lair:2-4    Shoals: Lair:2-4       Orc: D:9-12

Altars:
Ashenzari
Cheibriados
Dithmenos
Elyvilon
Fedhas
Gozag
Hepliaklqana
Kikubaaqudgha
Makhleb
Nemelex Xobeh
Okawaru
Qazlal
Ru
Sif Muna
Trog
Wu Jian
Xom
Yredelemnul
Zin
The Shining One
Beogh

Shops:
D:8 ?

Annotations:
Lair:2 Maggie Gauntlet 7 transporters


Innate Abilities, Weirdness & Mutations

You are immune to sickness and miasma.
You are immune to poison.
Your flesh is very heat resistant. (rF++)
You are vulnerable to cold. (rC-)
You float through the air rather than walking.
You learn spells naturally, not from books.
Your magical power is your life essence.
You have superior vitality. (+4 HP)


Message History

The bolt of magma hits the death yak!!
You kill the death yak!
The bolt of magma hits the death yak!!
You kill the death yak!
The bolt of magma misses the death yak.
* * * LOW HITPOINT WARNING * * *
Unknown command.
Aiming: Paralyse
Press: ? - help, Shift-Dir - straight line, f/p - death yak
Aim: a death yak (chance to affect: 2%)
The death yak resists with almost no effort.
Unknown command.
Aiming: Paralyse
Press: ? - help, Shift-Dir - straight line, f/p - death yak
Aim: a death yak (chance to affect: 2%)
The death yak resists with almost no effort.
The death yak completely misses you.
Unknown command.
Aiming: Paralyse
Press: ? - help, Shift-Dir - straight line, f/p - death yak
Aim: a death yak (chance to affect: 2%)
The death yak resists with almost no effort.
You block the death yak's attack.
Unknown command.
Aiming: Paralyse
Press: ? - help, Shift-Dir - straight line, f/p - death yak
Aim: a death yak (chance to affect: 2%)
The death yak resists with almost no effort.
The death yak gores you!!
* * * LOW HITPOINT WARNING * * *
Unknown command.
You feel much better. The death yak gores you!!
* * * LOW HITPOINT WARNING * * *
Aiming: Paralyse
Press: ? - help, Shift-Dir - straight line, f/p - death yak
Aim: a death yak (chance to affect: 2%)
The death yak resists with almost no effort.
The death yak gores you!
You die...
Your body crumbles into a pile of gold.

##≈............§∩≈§...
#................§...
#..###########...####
#..#..Y|©.$.w#...##^#
###..#.#Y....#Y#...#.#?
#8#..#.##...##.#...##..
###..#..#####..#...#...
#..#....©....#...#^#.
###..#@.##Y##..#...#.^.
#8#..#Y##Y..##.#...##.#
###..#$#.....#.#...####
#..#.........#...##5.
###..###########...####
#8#.....#.©.#....≈....#
###...8.#...#...≈8≈...#
#.....#.©.#....§....#
###..###########...####


You could see a death yak.

Vanquished Creatures
  Fannar (D:10)
  3 death yaks (Gauntlet)
  2 two-headed ogres (D:9)
  An orc knight (Bailey)
  2 oklob plants (Lair:1)
  3 centaur zombies
  A black mamba (Lair:1)
  A torpor snail (Gauntlet)
  A gargoyle (D:8)
  4 cane toads (Lair:1)
  6 komodo dragons
  A hornet (Lair:1)
  4 blink frogs (Lair:1)
  A wyvern (Lair:1)
  2 shadows (Gauntlet)
  18 yaks
  4 centaur simulacra (Gauntlet)
  2 basilisks (Lair:1)
  3 steam dragons
  4 water moccasins
  An acid dragon (D:9)
  6 orc warriors
  A hornet zombie (D:8)
  A necrophage (D:5)
  3 ice beasts
  A sky beast (D:6)
  7 ogres
  4 centaurs
  A kobold brigand (D:9)
  4 bullfrogs
  Blork the orc (D:4)
  A wyvern zombie (D:7)
  A gnoll sergeant (D:8)
  A cane toad simulacrum (Gauntlet)
  4 scorpions
  14 wights
  6 killer bees (D:9)
  6 electric eels (D:6)
  2 howler monkeys
  A lava snake (D:8)
  3 bullfrog zombies (D:6)
  4 crimson imps (D:9)
  A centaur skeleton (D:6)
  A jelly (D:4)
  4 hounds
  Crazy Yiuf (D:6)
  A bullfrog skeleton (D:5)
  4 orc priests
  2 iguanas
  14 orc wizards
  A hound zombie (D:5)
  23 gnolls
  14 adders
  A white imp (D:5)
  2 ufetubi
  An adder skeleton (D:5)
  2 dart slugs (D:2)
  25 orcs
  A bat (D:1)
  5 endoplasms
  A giant cockroach (D:2)
  4 goblins
  13 hobgoblins
  8 jackals
  15 kobolds
  A quokka (D:1)
  12 ball pythons
  5 frilled lizards
  A quokka skeleton (D:4)
  5 rats
305 creatures vanquished.

Vanquished Creatures (collateral kills)
  3 foxfires (D:6)
3 creatures vanquished.

Vanquished Creatures (others)
  760 foxfires
  20 fungi (Lair:1)
  68 plants
848 creatures vanquished.

Grand Total: 1156 creatures vanquished

Notes
Turn   | Place    | Note
-------+----------+-------------------------------------------
     0 | D:1      | robertstho the Djinni Fire Elementalist began the quest for
                  | the Orb.
     0 | D:1      | Reached XP level 1. HP: 15/15 MP: 0/0
   457 | D:1      | Reached XP level 2. HP: 19/21 MP: 0/0
  1029 | D:1      | Reached skill level 3 in Spellcasting
  1253 | D:1      | Reached XP level 3. HP: 23/25 MP: 0/0
  1253 | D:1      | Learned a level 1 spell: Beastly Appendage
  1696 | D:1      | Found a faded altar of an unknown god.
  2399 | D:2      | Reached XP level 4. HP: 26/31 MP: 0/0
  3129 | D:3      | Reached XP level 5. HP: 26/35 MP: 0/0
  3129 | D:3      | Learned a level 2 spell: Searing Ray
  3731 | D:3      | Found a snail-covered altar of Cheibriados.
  4108 | D:4      | You are sucked into a shaft and drop 2 floors!
  4108 | D:6      | Noticed a steam dragon
  4109 | D:6      | Noticed a centaur warrior zombie
  4125 | D:6      | Noticed an ice beast
  4305 | D:6      | Found an ornate altar of the Wu Jian Council.
  4320 | D:6      | Killed an ice beast
  4321 | D:6      | Reached skill level 1 in Fighting
  4321 | D:6      | Reached skill level 4 in Spellcasting
  4321 | D:6      | Reached XP level 6. HP: 34/42 MP: 0/0
  4477 | D:6      | Found a runed translucent door.
  4478 | D:6      | Noticed Crazy Yiuf
  4542 | D:5      | Entered Level 5 of the Dungeon
  4717 | D:5      | Noticed an ogre
  4723 | D:5      | Killed an ogre
  4724 | D:5      | Reached XP level 7. HP: 41/47 MP: 0/0
  4724 | D:5      | Learned a level 3 spell: Vampiric Draining
  4727 | D:5      | Reached skill level 5 in Spellcasting
  4869 | D:4      | Identified the +1 robe "Biaqimno" {rC+ Int-3 SInv}
  4930 | D:4      | Noticed a steam dragon
  4936 | D:4      | Killed a steam dragon
  4962 | D:4      | Reached XP level 8. HP: 22/52 MP: 0/0
  5224 | D:4      | Noticed Blork the orc
  5230 | D:4      | Killed Blork the orc
  5507 | D:4      | Reached skill level 6 in Spellcasting
  5952 | D:5      | Found a staircase to the Ecumenical Temple.
  5985 | Temple   | Entered the Ecumenical Temple
  6103 | Temple   | Became a worshipper of Gozag Ym Sagoz the Greedy
  6510 | D:6      | Reached skill level 7 in Spellcasting
  6813 | D:6      | Reached XP level 9. HP: 49/58 MP: 0/0
  6813 | D:6      | Learned a level 4 spell: Animate Dead
  7355 | D:6      | Reached skill level 8 in Spellcasting
  8003 | D:6      | Reached skill level 1 in Evocations
  8328 | D:6      | Reached skill level 9 in Spellcasting
  8609 | D:6      | Reached XP level 10. HP: 49/64 MP: 0/0
  8723 | D:6      | Noticed a komodo dragon
  8726 | D:6      | Killed a komodo dragon
  9211 | D:6      | Killed Crazy Yiuf
  9339 | D:7      | Found a sparkling altar of Nemelex Xobeh.
  9392 | D:7      | Found a flagged portal.
  9413 | Bailey   | Entered a bailey
  9931 | Bailey   | Noticed an orc knight
  9942 | Bailey   | Killed an orc knight
  9943 | Bailey   | Reached skill level 10 in Spellcasting
 10569 | Bailey   | Acquired a +2 kite shield of cold resistance
 10576 | Bailey   | Acquired the +8 broad axe of Classification {flame, *Slow
                  | rElec rN+}
 10617 | D:7      | Reached skill level 5 in Dodging
 12764 | D:8      | Noticed a manticore
 13306 | D:8      | Noticed a gargoyle
 13316 | D:8      | Killed a gargoyle
 13317 | D:8      | Reached XP level 11. HP: 55/70 MP: 0/0
 13317 | D:8      | Learned a level 4 spell: Ice Form
 13393 | D:8      | Found a faded altar of an unknown god.
 13394 | D:8      | Found a hazy altar of Hepliaklqana.
 13414 | D:8      | Bought a scroll of enchant weapon for 112 gold pieces
 13414 | D:8      | Bought a scroll of fear for 52 gold pieces
 13414 | D:8      | Bought a scroll of identify for 30 gold pieces
 13414 | D:8      | Bought 2 scrolls of identify for 60 gold pieces
 13414 | D:8      | Bought a scroll of enchant armour for 112 gold pieces
 13612 | D:9      | Reached skill level 11 in Spellcasting
 13854 | D:9      | Noticed a two-headed ogre
 13858 | D:9      | Killed a two-headed ogre
 13859 | D:9      | Reached skill level 1 in Shields
 13859 | D:9      | Reached skill level 1 in Unarmed Combat
 14089 | D:9      | Noticed a two-headed ogre
 14093 | D:9      | Killed a two-headed ogre
 14458 | D:9      | Found a glowing golden altar of the Shining One.
 14810 | D:9      | Found a runed translucent door.
 15009 | D:9      | Found a shimmering altar of Xom.
 15690 | D:10     | Entered Level 10 of the Dungeon
 15695 | D:10     | Found a staircase to the Lair.
 15748 | D:10     | Noticed Fannar
 15753 | D:10     | Killed Fannar
 15939 | D:10     | Found a blossoming altar of Fedhas.
 16052 | D:10     | You are sucked into a shaft and drop 1 floor!
 16258 | D:11     | Noticed a boulder beetle
 16378 | Lair:1   | Entered Level 1 of the Lair of Beasts
 16417 | Lair:1   | Reached skill level 12 in Spellcasting
 16450 | Lair:1   | Reached XP level 12. HP: 24/76 MP: 0/0
 17745 | Lair:1   | Reached skill level 13 in Spellcasting
 19332 | Lair:2   | Noticed Maggie
 19586 | Lair:2   | Found a gate leading to a gauntlet.
 19598 | Gauntlet | Entered a Gauntlet
 19598 | Gauntlet | Found a transporter.
 19598 | Gauntlet | Found a transporter.
 19613 | Gauntlet | Found a transporter.
 19616 | Gauntlet | Found a transporter.
 19616 | Gauntlet | Found a transporter.
 19616 | Gauntlet | Found a transporter.
 19626 | Gauntlet | Found a transporter.
 19630 | Gauntlet | Found a transporter.
 19640 | Gauntlet | Found a transporter.
 19645 | Gauntlet | Noticed a death yak
 19646 | Gauntlet | Noticed a death yak
 19647 | Gauntlet | Noticed a death yak
 19649 | Gauntlet | Noticed a death yak
 19746 | Gauntlet | Found a transporter.
 19747 | Gauntlet | Found a transporter.
 20094 | Gauntlet | Identified the ring "Jyguton" {Wiz rF+ Str+2}
 20104 | Gauntlet | Found a transporter.
 20125 | Gauntlet | Killed a death yak
 20126 | Gauntlet | Reached skill level 1 in Axes
 20126 | Gauntlet | Reached XP level 13. HP: 52/81 MP: 0/0
 20126 | Gauntlet | Learned a level 5 spell: Bolt of Magma
 20137 | Gauntlet | Mangled by a death yak

Illustrated notes

Levels and vault maps discovered:
D:1:      minmay_arrival_four_circles, layout_basic,
          dreamdust_ecumenical_altar_angels_and_demons
D:2:      layout_loops_ring
D:3:      layout_loops_ring, amcnicky_altar_gilded, corexii_leaking_fountain
D:4:      layout_loops_cross, uniq_blork_the_orc
D:5:      layout_gridville, minmay_temple_entry_large_hall
D:6:      cheibrodos_two_vegetables, layout_loops_ring,
          mainiacjoe_overflow_paths, minmay_puff, uniq_crazy_yiuf_cottage
D:7:      layout_cave_pools, nemelex_diamond_rough_becter, enter_bailey_2
D:8:      layout_cave_pools, beargit_hepliaklqana_dungeon_heroes,
          nicolae_lava_and_water, corexii_hall_statues_l, moated_statue,
          lightli_corner_chamber
D:9:      kennysheep_blocky_hall, layout_basic,
          mainiacjoe_overflow_six_doors_small, mainiacjoe_overflow_alcove_1,
          led_xom_imps, chequers_jeans, lightli_church_of_beogh
D:10:     layout_long_grid, vehumet_crystals, fedhas_ov_isle_minmay,
          nicolae_uskayaw_suspiria, dpeg_oklobed_lair,
          nicolae_trove_entry_free_sample, uniq_fannar
D:11:     layout_basic, serial_co_window_serial, co_window_paths_b,
          co_window_corner_a, co_window_paths_b, co_window_paths_b,
          co_window_corner_a, co_window_of_opportunity_a, co_window_paths_a,
          co_window_of_opportunity_a, co_window_corner_a, co_window_broadway_a,
          co_window_corner_ca, co_window_broadway_a, co_window_of_opportunity_b,
          co_window_4corner_b, glass_columns_a, glass_columns_b
Temple:   nicolae_temple_x_marks_the_god
Lair:1:   minmay_lair_venomous_thicket, layout_hall_layers,
          infiniplex_staircase_pool_2, minmay_lair_oklob_chamber,
          grunt_megastairs_2
Lair:2:   layout_cave_pods, dummy_spider_entry, gauntlet_entry_generic,
          chequers_serial_rivers_large_a, grunt_forest_small_clearing_treed,
          lemuel_fruit_tree, uniq_maggie
Gauntlet: gammafunk_gauntlet_hard_choice
          [gammafunk_gauntlet_arena_split_diamond,
          gammafunk_gauntlet_arena_grid, nicolae_gauntlet_arena_quarters,
          gammafunk_gauntlet_arena_chambers, gammafunk_gauntlet_arena_mazey,
          gammafunk_gauntlet_arena_split_x, gauntlet_exit_spiral]

Skill      XL: |  1  2  3  4  5  6  7  8  9 10 11 12 |
---------------+-------------------------------------+-----
Spellcasting   | 3 4 5 7 9 10 12 13 | 13.9
Stealth        | 2 3 4 |  4.8
Fighting       | 1 2 3 |  3.4
Dodging        | 3 4 5 6 |  6.5
Evocations     | 1 |  1.5
Shields        | 1 |  1.9
Unarmed Combat | 3 |  3.6
Axes           | 1 |  1.0

Action                   |  1- 3 |  4- 6 |  7- 9 | 10-12 | 13-15 || total
-------------------------+-------+-------+-------+-------+-------++-------
Melee: Unarmed           |    11 |       |       |    42 |       ||    53
       Short sword       |       |     1 |     1 |       |       ||     2
       Broad axe         |       |       |       |    10 |       ||    10
 Cast: Foxfire           |    95 |    79 |   225 |    66 |       ||   465
       Conjure Flame     |       |     1 |       |       |       ||     1
       Fireball          |       |       |     6 |   214 |       ||   220
       Sticky Flame      |       |       |     5 |    34 |       ||    39
       Ice Form          |       |       |       |     2 |       ||     2
       Searing Ray       |       |       |       |     2 |       ||     2
       Bolt of Magma     |       |       |       |       |     4 ||     4
Invok: Call Merchant     |       |       |       |     1 |       ||     1
Evoke: Wand              |       |     2 |     1 |     3 |     5 ||    11
  Use: Scroll            |     1 |     3 |       |    18 |       ||    22
       Potion            |       |     1 |     2 |     1 |     2 ||     6
Armor: Robe              |     3 |       |    11 |    12 |     1 ||    27
       Skin              |       |       |     2 |    12 |       ||    14
Dodge: Dodged            |    11 |    22 |    26 |    78 |     1 ||   138
Block: Kite shield       |       |       |       |    32 |     1 ||    33
